 Dungeon Crawl Stone Soup version 0.30-a0-881-g1ff12e1e11 (webtiles) character file.

Game seed: 12395796220188447629

14532 Newt the Markskobold (level 12, -1/65 HPs)
             Began as a Kobold Hunter on Mar 14, 2023.
             Was a Believer of Hepliaklqana.
             Killed from afar by a rime drake (30 damage)
             ... with an icy flash freeze
             ... on level 11 of the Dungeon.
             The game lasted 00:12:50 (12410 turns).

Newt the Markskobold (Kobold Hunter)               Turns: 12410, Time: 00:12:51

Health: -1/65      AC:  7    Str:  9    XL:     12   Next: 46%
Magic:  29/29      EV: 19    Int: 11    God:    Hepliaklqana [**....]
Gold:   2802       SH:  0    Dex: 22    Spells: 19/22 levels left

rFire   . . .      SeeInvis .    a - +7 shortbow (freeze)
rCold   . . .      Faith    .    (shield currently unavailable)
rNeg    . . .      Spirit   .    A - +0 steam dragon scales
rPois   .          Reflect  .    g - +2 hat
rElec   .          Rampage  .    (no cloak)
rCorr   .                        (no gloves)
Will    .....                    (no boots)
Stlth   +++                      B - amulet of regeneration
HPRegen 1.10/turn                l - ring of magical power
MPRegen 0.21/turn                (no ring)

@: no status effects
A: reduced essence, small, no large weapons, nightstalker 3
a: Renounce Religion, Recall Ancestor, Ancestor Identity


You were on level 11 of the Dungeon.
You worshipped Hepliaklqana.
Hepliaklqana was pleased with you.
You visited 2 branches of the dungeon, and saw 12 of its levels.
You also visited: Bailey.

You collected 2802 gold pieces.

Inventory:

Hand Weapons
 a - a +7 shortbow of freezing (weapon)
 K - the +9 staff of Wucad Mu {*channel}
   (You found it in a bailey)

   *Channel:  It occasionally powers its wielder's spells, but with a chance of
   causing confusion or draining the wielder's intelligence.
   It becomes more likely to activate and less likely to backfire with increased
   Evocations skill.
Armour
 c - a +0 leather armour
 g - a +2 hat (worn)
 A - +0 steam dragon scales (worn)
 I - +1 fire dragon scales
Jewellery
 l - a ring of magical power (left hand)
 w - a ring of ice
 y - an amulet of faith
 B - an amulet of regeneration (around neck)
Wands
 z - a wand of flame (25)
 G - a wand of iceblast (4)
Scrolls
 b - 4 scrolls of immolation
 f - a scroll of brand weapon
 p - a scroll of amnesia
 t - a scroll of vulnerability
 u - a scroll of fear {unknown}
 v - 6 scrolls of teleportation
 C - a scroll of silence
 E - a scroll of poison
 F - a scroll of fog {unknown}
Potions
 d - 3 potions of haste
 e - 2 potions of attraction
 h - a potion of cancellation
 i - 2 potions of flight
 j - 6 potions of curing
 k - 2 potions of heal wounds
 m - a potion of degeneration
 n - 4 potions of brilliance
 o - 3 potions of resistance
 r - 4 potions of berserk rage
 s - 2 potions of magic
 x - 3 potions of mutation
 H - a potion of lignification
 J - a potion of might
Miscellaneous
 q - a condenser vane


   Skills:
 - Level 8.0 Fighting
 - Level 15.0 Ranged Weapons
 - Level 4.0 Armour
 - Level 6.0 Dodging
 - Level 1.3 Stealth
 + Level 5.8 Spellcasting
 + Level 5.5 Translocations
 - Level 1.4 Transmutations
 + Level 5.8 Fire Magic
 + Level 5.4 Air Magic
 - Level 6.0 Evocations


You had 19 spell levels left.
You knew the following spells:

 Your Spells              Type           Power      Damage    Failure   Level
a - Kindle Blastsparks    Fire/Tloc/Air  30%        2d12      6%          3

Your spell library contained the following spells:

 Spells                   Type           Power      Damage    Failure   Level
 Lesser Beckoning         Tloc           30%        N/A       3%          2
 Shock                    Conj/Air       36%        1d5       6%          1
 Gell's Gravitas          Tloc           15%        N/A       6%          3
 Swiftness                Air            15%        N/A       6%          3
 Teleport Other           Tloc           15%        N/A       6%          3
 Poisonous Vapours        Pois/Air       18%        N/A       10%         2
 Cigotuvi's Dreadful Rot  Necr/Pois/Air  14%        N/A       14%         2
 Necrotise                Necr           12%        1d4       21%         1
 Summon Small Mammal      Summ           12%        N/A       21%         1
 Passage of Golubria      Tloc           15%        N/A       21%         4
 Passwall                 Tmut/Erth      3%         N/A       22%         2
 Ignite Poison            Fire/Tmut/Pois 8%         N/A       22%         3
 Mephitic Cloud           Conj/Pois/Air  7%         N/A       28%         3
 Ensorcelled Hibernation  Hex/Ice        6%         N/A       30%         2
 Searing Ray              Conj           6%         2d4       30%         2
 Vampiric Draining        Necr           3%         2d6       52%         3
 Petrify                  Tmut/Erth      4%         N/A       82%         4
 Silence                  Hex/Air        4%         N/A       87%         5
 Freezing Cloud           Conj/Ice/Air   3%         6-21      95%         5
 Agony                    Necr           3%         N/A       99%         5
 Metabolic Englaciation   Hex/Ice        1%         N/A       99%         5
 Statue Form              Tmut/Erth      2%         N/A       100%        6
 Spellforged Servitor     Conj/Summ      1%         N/A       100%        7
 Lehudib's Crystal Spear  Conj/Erth      1%         10d2      100%        8
 Summon Horrible Things   Summ           1%         N/A       100%        8


Dungeon Overview and Level Annotations

Branches:
Dungeon (11/15)            Temple (1/1) D:7            Lair (0/5) D:9
    Orc (0/2) D:9          Bailey (visited)

Altars:
Ashenzari
Cheibriados
Dithmenos
Elyvilon
Fedhas
Gozag
Hepliaklqana
Kikubaaqudgha
Makhleb
Nemelex Xobeh
Okawaru
Qazlal
Ru
Sif Muna
Trog
Uskayaw
Vehumet
Wu Jian
Xom
Yredelemnul

Portals:
Ice
Cave: D:11

Annotations:
D:6 3 runed translucent doors, BillyBaka's ghost, novice MiFi; Palms's ghost, novice DrEE; cheesebisquit's ghost, novice GrEE; hikkokomori's ghost, novice FoFi; oldplebian's ghost, novice GnCA


Innate Abilities, Weirdness & Mutations

Your life essence is reduced to manifest your ancestor. (-10% HP)
You are small and have problems with some larger weapons.
You are completely attuned to the shadows.


Message History

Tlaloc hits the orc wizard with a +0 flail.
Things that are here:
a +0 whip; a +0 ring mail; an orc corpse The orc wizard barely misses Tlaloc.
The rime drake breathes ice at you. The icy flash freeze misses you.
Tlaloc hits the orc wizard with a +0 flail!
The orc wizard dies!
The skeletal warrior attacks as you move away!
The skeletal warrior closely misses you.
The skeletal warrior hits Tlaloc but does no damage.
The rime drake bites you. x2
The skeletal warrior attacks as you move away!
The skeletal warrior hits you with a +0 war axe!
The skeletal warrior hits Tlaloc with a +0 war axe!
Found a frozen archway.
The rime drake breathes ice at you. The icy flash freeze hits you!!
* * * LOW HITPOINT WARNING * * *
You are encased in ice.
Okay, then.
Okay, then.
You feel much better.
The skeletal warrior closely misses you.
The skeletal warrior hits Tlaloc with a +0 war axe.
Tlaloc hits the skeletal warrior but does no damage.
The rime drake closely misses you.
The skeletal warrior attacks as you move away!
The skeletal warrior hits you with a +0 war axe!
The skeletal warrior hits Tlaloc with a +0 war axe!
The rime drake misses you.
Tlaloc misses the rime drake.
The skeletal warrior hits you with a +0 war axe.
The rime drake bites you.
The skeletal warrior attacks as you move away!
The skeletal warrior barely misses you.
You hear the faint crackling of a melting archway.
The ice encasing you melts away. The rime drake breathes ice at you.
The icy flash freeze hits you!!
You die...

#...#.# #.# *,****,**
*,, #...#.####.#
*,,,,,,* *,,
##.##......###*****,**
*,* #.).........#
****,* *,,
###########.###.,,,*
*,, #)#...,,,* *,*
#)).≈≈~~~** *,,
####R)#####~,* *,,
#....k.@.∩#~,* *,*
#.##≈z....#~,* *,,
#....#≈..^#~,* *,,
*##..≈#≈..#,,* *,*
####≈#...,** *,,
**,≈..** *,, ******
*,* *,, *,,


You could see the friendly Tlaloc the knight, a skeletal warrior (ally target)
and a rime drake (catching breath).

Vanquished Creatures
  Erolcha (D:9)
  Erica (D:9)
  2 two-headed ogres
  Amaemon (D:8)
  A gargoyle (D:8)
  An orange demon (D:8)
  A kobold demonologist (D:6)
  A rime drake (D:11)
  A troll (D:10)
  Prince Ribbit (D:6)
  2 wyverns
  4 spriggans (Bailey)
  2 humans (D:9)
  3 steam dragons
  The ghost of Maxmaps the Cudgeller, an amateur DsGl of Gozag (D:4)
  Grum (D:9)
  Menkaure (D:7)
  2 wargs (D:9)
  4 water moccasins
  An ice beast (D:4)
  3 black bears
  6 orc warriors
  A sky beast (D:7)
  5 ogres (Bailey)
  2 wolves (D:9)
  3 centaurs
  A kobold brigand (D:9)
  2 phantoms
  2 bullfrogs
  4 scorpions
  A gnoll sergeant (D:8)
  10 wights
  11 killer bees
  4 howler monkeys
  5 hounds
  11 orc priests
  3 sleepcaps
  Jessica (D:2)
  Terence (D:2)
  4 iguanas
  24 orc wizards
  Natasha (thrice) (D:2)
  7 gnolls
  8 adders
  2 shadow imps
  An ufetubus (D:5)
  An adder zombie (D:3)
  A worm (D:3)
  4 dart slugs
  65 orcs
  4 endoplasms
  6 giant cockroaches
  9 goblins
  8 hobgoblins
  5 quokkas
  7 ball pythons
  A ball python zombie (D:3)
  6 bats
  3 frilled lizards
  9 kobolds
  2 rats (D:1)
288 creatures vanquished.

Vanquished Creatures (collateral kills)
  2 two-headed ogres (D:10)
  A hornet (D:9)
  A spriggan (Bailey)
  A steam dragon (D:10)
  A wolf (D:9)
  2 ogres (Bailey)
  3 wights
  2 killer bees (D:9)
  2 orc wizards
  4 orcs
19 creatures vanquished.

Vanquished Creatures (others)
  3 ancestors
3 creatures vanquished.

Grand Total: 310 creatures vanquished

Notes
Turn   | Place    | Note
-------+----------+-------------------------------------------
     0 | D:1      | Newt the Kobold Hunter began the quest for the Orb.
     0 | D:1      | Reached XP level 1. HP: 12/12 MP: 1/1
   158 | D:1      | Reached XP level 2. HP: 18/18 MP: 2/2
   175 | D:1      | Found a faded altar of an unknown god.
   312 | D:1      | Reached XP level 3. HP: 19/24 MP: 3/3
   873 | D:2      | Reached XP level 4. HP: 30/30 MP: 4/4
   890 | D:2      | Noticed Terence
   943 | D:2      | Killed Terence
  1287 | D:2      | Reached skill level 5 in Fighting
  1311 | D:2      | Noticed Natasha
  1314 | D:2      | Noticed Jessica
  1317 | D:2      | Killed Natasha
  1318 | D:2      | Reached XP level 5. HP: 32/35 MP: 5/5
  1319 | D:2      | Killed Jessica
  1320 | D:2      | Reached skill level 6 in Ranged Weapons
  1408 | D:2      | Found a stormy altar of Qazlal.
  1658 | D:2      | Noticed Natasha
  1659 | D:2      | Killed Natasha
  1800 | D:2      | Noticed Natasha
  1849 | D:2      | Killed Natasha
  1933 | D:3      | Reached skill level 7 in Ranged Weapons
  1999 | D:3      | Noticed a phantom
  2005 | D:3      | Killed a phantom
  2006 | D:3      | Reached XP level 6. HP: 37/40 MP: 6/6
  2201 | D:3      | Reached skill level 8 in Ranged Weapons
  2315 | D:3      | Found a basalt altar of Yredelemnul.
  2943 | D:4      | Found a runed translucent door.
  3257 | D:4      | Noticed a black bear
  3260 | D:4      | Killed a black bear
  3261 | D:4      | Reached skill level 9 in Ranged Weapons
  3261 | D:4      | Reached XP level 7. HP: 44/44 MP: 7/7
  3288 | D:4      | Found a shimmering blue altar of Sif Muna.
  3538 | D:4      | Noticed Maxmaps's ghost (amateur DsGl)
  3564 | D:4      | Killed Maxmaps's ghost
  3565 | D:4      | Reached skill level 10 in Ranged Weapons
  3732 | D:5      | Entered Level 5 of the Dungeon
  3993 | D:4      | Reached XP level 8. HP: 33/49 MP: 8/8
  4188 | D:5      | Reached skill level 5 in Dodging
  5434 | D:6      | Noticed Prince Ribbit
  5451 | D:6      | Killed Prince Ribbit
  5452 | D:6      | Reached XP level 9. HP: 52/59 MP: 9/9
  5454 | D:6      | Identified a scroll of acquirement
  5454 | D:6      | Acquired 915 gold pieces
  5476 | D:6      | Identified the +1 quarterstaff of Famine {spect, rPois}
  5483 | D:6      | Noticed a kobold demonologist
  5489 | D:6      | Killed a kobold demonologist
  5490 | D:6      | Reached skill level 11 in Ranged Weapons
  5634 | D:6      | Found a shadowy altar of Dithmenos.
  5646 | D:6      | Reached skill level 12 in Ranged Weapons
  6233 | D:6      | Found a runed translucent gate.
  6233 | D:6      | Found a runed translucent gate.
  6234 | D:6      | Found a runed translucent gate.
  6236 | D:6      | Noticed Palms's ghost (novice DrEE)
  6236 | D:6      | Noticed cheesebisquit's ghost (novice GrEE)
  6412 | D:6      | Reached skill level 13 in Ranged Weapons
  6481 | D:6      | Found a burning altar of Makhleb.
  6594 | D:6      | Noticed oldplebian's ghost (novice GnCA)
  6595 | D:6      | Noticed hikkokomori's ghost (novice FoFi)
  6595 | D:6      | Noticed BillyBaka's ghost (novice MiFi)
  6916 | D:7      | Reached XP level 10. HP: 57/64 MP: 10/10
  7026 | D:7      | Noticed Menkaure
  7034 | D:7      | Killed Menkaure
  7035 | D:7      | Reached skill level 14 in Ranged Weapons
  7288 | D:7      | Found a staircase to the Ecumenical Temple.
  7294 | Temple   | Entered the Ecumenical Temple
  7399 | Temple   | Became a worshipper of Hepliaklqana the Forgotten
  7438 | D:7      | Found a bloodstained altar of Trog.
  8148 | D:8      | Reached skill level 15 in Ranged Weapons
  8148 | D:8      | Reached skill level 1 in Evocations
  8172 | D:8      | Noticed a gargoyle
  8178 | D:8      | Killed a gargoyle
  8444 | D:8      | Reached skill level 5 in Evocations
  8635 | D:8      | Reached * piety under Hepliaklqana
  8649 | D:8      | Got the Thoughts on Amalgamated Power
  8862 | D:8      | Noticed Amaemon
  8875 | D:8      | Killed Amaemon
  8875 | D:8      | Noticed an orange demon
  8883 | D:8      | Killed an orange demon
  8957 | D:8      | Found a shimmering altar of Xom.
  9131 | D:9      | Noticed Erolcha
  9145 | D:9      | Killed Erolcha
  9146 | D:9      | Reached skill level 1 in Spellcasting
  9146 | D:9      | Reached skill level 1 in Transmutations
  9146 | D:9      | Reached skill level 1 in Fire Magic
  9146 | D:9      | Reached XP level 11. HP: 61/61 MP: 10/13
  9184 | D:9      | Found a flagged portal.
  9194 | Bailey   | Entered a bailey
  9218 | Bailey   | Reached skill level 1 in Translocations
  9222 | Bailey   | Reached skill level 1 in Air Magic
  9346 | Bailey   | Noticed a two-headed ogre
  9354 | Bailey   | Killed a two-headed ogre
  9508 | Bailey   | Found the +9 staff of Wucad Mu {*channel}
  9707 | D:9      | Found a staircase to the Orcish Mines.
  9835 | D:9      | Noticed Grum
  9848 | D:9      | Killed Grum
 10104 | D:9      | Noticed Erica
 10113 | D:9      | Killed Erica
 10248 | D:9      | Learned a level 3 spell: Kindle Blastsparks
 10420 | D:9      | Found an ornate altar of the Wu Jian Council.
 10620 | D:9      | Reached XP level 12. HP: 65/65 MP: 18/18
 10630 | D:9      | Found a staircase to the Lair.
 10740 | D:9      | Found an iron altar of Okawaru.
 11040 | D:10     | Entered Level 10 of the Dungeon
 11104 | D:10     | Reached skill level 5 in Fire Magic
 11121 | D:10     | Reached skill level 5 in Spellcasting
 11431 | D:10     | Acquired 1164 gold pieces
 11438 | D:10     | Reached ** piety under Hepliaklqana
 11439 | D:10     | Remembered your ancestor Tlaloc as a knight
 11695 | D:10     | Noticed a two-headed ogre
 11700 | D:10     | Noticed a two-headed ogre
 11701 | D:10     | Killed a two-headed ogre
 11702 | D:10     | Reached skill level 5 in Translocations
 11711 | D:10     | Killed a two-headed ogre
 11712 | D:10     | Reached skill level 5 in Air Magic
 11848 | D:10     | Found a sacrificial altar of Ru.
 12370 | D:11     | Noticed a two-headed ogre
 12379 | D:11     | Killed a two-headed ogre
 12400 | D:11     | Noticed a skeletal warrior
 12407 | D:11     | Found a frozen archway.
 12410 | D:11     | Killed from afar by a rime drake

Illustrated notes

Levels and vault maps discovered:
D:1:      amcnicky_arrival_abandoned_market, layout_rooms,
          basic_ecumenical_altar
D:2:      layout_loops_ring, basic_altar, uniq_natasha, uniq_terence,
          uniq_jessica
D:3:      layout_loops_ring, lemuel_zombie_altar_yredelemnul
D:4:      layout_loops_cross, lemuel_crystal_altar, ebering_ghost_sewer_d,
          grunt_ministairs_6
D:5:      layout_cave_pods, hangedman_abyss_or_decor_jellyfish_corner,
          kennysheep_cross_bottleneck, hangedman_glass_teeth
D:6:      layout_basic, nicolae_dithmenos_the_darkroom,
          makhleb_heckhound_becter, gammafunk_ghost_cemetery,
          nicolae_concentric_dashed_squares_mild, uniq_prince_ribbit1
D:7:      layout_basic, kennysheep_mini, minmay_temple_entry_antechambers,
          uniq_menkaure
D:8:      minmay_ornate_pinched, layout_basic, tgw_xom, uniq_amaemon
D:9:      minmay_flawed_box, layout_basic, okawaru_humans,
          mainiacjoe_overflow_surrounded_room, erik_lair_orcish_takeover,
          hiddenorc2_lemuel, enter_bailey_3, serial_co_window_serial,
          co_window_paths_b, co_window_of_opportunity_a, co_window_paths_a,
          co_window_paths_b, co_window_corner_a, co_window_unsneaky_path_d,
          co_window_corner_b, glass_columns_a, glass_columns_a, glass_columns_a,
          uniq_erolcha, uniq_erica, uniq_grum
D:10:     layout_cave_pods, nicolae_ru_sacrificial_ziggurat
D:11:     minmay_the_grid_square_5x5_3x3 [minmay_the_grid_square_5x5_inset,
          minmay_the_grid_square_5x5_comb, minmay_the_grid_square_5x5_shrine1,
          minmay_the_grid_square_5x5_bridge,
          minmay_the_grid_square_5x5_megaprize_crossed,
          minmay_the_grid_square_5x5_fancy_junction,
          minmay_the_grid_square_5x5_tetrominoes,
          minmay_the_grid_square_5x5_checkered_sparse,
          minmay_the_grid_square_5x5_spiral_small], layout_basic,
          portal_ice_cave_rime, columned_hall_lemuel
Temple:   dshaligram_water_room_temple

Skill      XL: |  1  2  3  4  5  6  7  8  9 10 11 12 |
---------------+-------------------------------------+-----
Fighting       | 3 4 5 8 |  8.0
Ranged Weapons | 7 9 10 13 15 | 15.0
Dodging        | 4 6 |  6.0
Evocations     | 6 |  6.0
Armour         | 4 |  4.0
Spellcasting   | 1 4 5 |  5.8
Transmutations | 1 |  1.4
Fire Magic     | 1 4 5 |  5.8
Translocations | 4 5 |  5.5
Air Magic      | 4 5 |  5.4
Stealth        | |  1.3

Action                     |  1- 3 |  4- 6 |  7- 9 | 10-12 || total
---------------------------+-------+-------+-------+-------++-------
   Fire: Shortbow          |    83 |   101 |   220 |   511 ||   915
  Throw: Throwing net      |       |       |       |     1 ||     1
 Invoke: Ancestor Life: Kn |       |       |       |     1 ||     1
    Use: Scroll            |     3 |    12 |     7 |     9 ||    31
         Potion            |     1 |     1 |     1 |     3 ||     6
 Armour: Leather armour    |     8 |     2 |    13 |       ||    23
         Steam dragon scal |       |       |     1 |    20 ||    21
  Dodge: Dodged            |    30 |    15 |    64 |   159 ||   268

Table legend: (Time is in decaauts)
 A = Elapsed time spent in this place.
 B = Non-inter-level travel time spent in this place.
 C = Inter-level travel time spent in this place.
 D = Time resting spent in this place.
 E = Time spent auto-exploring this place.
 F = Levels seen in this place.
 G = Mean time per level.
                   A        B        C        D        E       F      G
               +--------+--------+--------+--------+--------+-----+--------+
         Total |  12347 |  11958 |    389 |   2203 |   8317 |  13 |  949.8 |
       Dungeon |  11841 |  11489 |    352 |   2063 |   8109 |  11 | 1076.5 |
        Temple |    118 |     82 |     36 |      0 |     70 |   1 |  118.0 |
        Bailey |    387 |    387 |      0 |    140 |    138 |   1 |  387.0 |
               +--------+--------+--------+--------+--------+-----+--------+

Top non-repeatable levels by time:
     D:9: 1472 daAuts
     D:7: 1341 daAuts
     D:4: 1328 daAuts
    D:10: 1302 daAuts
     D:5: 1292 daAuts
     D:6: 1193 daAuts
     D:2: 1175 daAuts
     D:8: 1010 daAuts
     D:3: 948 daAuts
     D:1: 726 daAuts
  Bailey: 387 daAuts
  Temple: 118 daAuts
    D:11: 49 daAuts
